 Dungeon Crawl Stone Soup version 0.30.1-6-gbe392663c4 (webtiles) character file.

Game seed: 8957641051467054281

51 NullDivider the Stinger (level 3, 0/21 HPs)
             Began as an Octopode Venom Mage on Sept 20, 2023.
             Succumbed to an adder's poison
             ... on level 2 of the Dungeon.
             The game lasted 00:06:40 (2128 turns).

NullDivider the Stinger (Octopode Venom Mage)       Turns: 2128, Time: 00:06:40

Health: 0/21       AC:  1    Str:  7    XL:     3   Next: 83%
Magic:  1/6        EV: 13    Int: 17    God:
Gold:   107        SH:  0    Dex: 14    Spells: 0/6 levels left

rFire   . . .        (no weapon)
rCold   . . .        (no shield)
rNeg    + . .        (helmet restricted)
rPois   .            (no amulet)
rElec   .            c - ring of positive energy
rCorr   .            (no ring)
SInv    .            (no ring)
Will    .....        (no ring)
Stlth   +++          (no ring)
HPRegen 0.23/turn    (no ring)
MPRegen 0.10/turn    (no ring)
                     (no ring)

%: no passive effects
@: lethally poisoned (0 -> -3), attractive, hasted, very quick
A: almost no armour, amphibious, 8 rings, camouflage 1, gelatinous body 1,
(nimble swimmer 1), tentacles
a: no special abilities


You were on level 2 of the Dungeon.
You visited 1 branch of the dungeon, and saw 2 of its levels.

You collected 107 gold pieces.

Inventory:

Jewellery
 c - a ring of positive energy (left tentacle)
Scrolls
 b - 3 scrolls of identify {unknown}
 e - a scroll of enchant weapon {unknown}
 g - a scroll of vulnerability {unknown}
 h - a scroll of blinking {unknown}
 i - a scroll of silence {unknown}
 j - a scroll of teleportation {unknown}
 k - 3 scrolls of amnesia {unknown}
 l - a scroll of enchant armour {unknown}
 m - a scroll of brand weapon {unknown}
Potions
 a - a potion of magic
 f - a potion of attraction


   Skills:
 + Level 2.5 Dodging
 + Level 3.5 Stealth
 + Level 2.4 Spellcasting
 - Level 1.0 Transmutations
 + Level 1.0 Air Magic
 + Level 4.1 Poison Magic


You couldn't memorise any spells.
You knew the following spells:

 Your Spells              Type           Power      Damage    Failure   Level
a - Sting                 Tmut/Pois      40%        1d5       6%          1
b - Poisonous Vapours     Pois/Air       20%        N/A       10%         2
c - Mephitic Cloud        Conj/Pois/Air  7%         N/A       26%         3

Your spell library contained the following spells:

 Spells                   Type           Power      Damage    Failure   Level
 Olgreb's Toxic Radiance  Pois           16%        N/A       32%         4


Dungeon Overview and Level Annotations

Branches:
Dungeon (2/15)

Altars:

Shops:
D:1 (


Innate Abilities, Weirdness & Mutations

You cannot wear most types of armour.
You are amphibious.
You can wear up to eight rings at the same time.
Your skin changes colour to match your surroundings (Stealth+).
Your rubbery body absorbs attacks. (AC +1, EV +1)
((You are camouflaged when in or above water. (Stealth+)))
You have tentacles for arms and can constrict up to eight enemies at once.


Message History

You constrict the adder. The adder completely misses you.
You tentacle-slap the adder but do no damage.
You squeeze the adder.
The adder is heavily wounded.
You constrict the adder. The adder bites you.
You are poisoned.
The adder poisons you!
Your magical contamination has completely faded away.
You barely miss the adder.
The adder is heavily wounded.
You constrict the adder.
You feel sick. The adder bites you.
You are lethally poisoned!
The adder poisons you!
You tentacle-slap the adder. You squeeze the adder.
You kill the adder!
* * * LOW HITPOINT WARNING * * *
You feel sick. The bat closely misses you. The bat misses you.
Your Air Magic skill increases to level 1!
It was a potion of attraction.
You feel attractive to monsters.
* * * LOW HITPOINT WARNING * * *
You feel sick. The bat barely misses you. The bat is attracted toward you.
It was a potion of haste.
You feel yourself speed up.
* * * LOW HITPOINT WARNING * * *
You feel sick. The bat barely misses you. x2
Okay, then.
You miss the bat. You grab the bat. You squeeze the bat.
You kill the bat!
* * * LOW HITPOINT WARNING * * *
You feel sick.
Unknown command.
There is a lethal amount of poison in your body!
* * * LOW HITPOINT WARNING * * *
You feel sick.
There is an open door, spattered with blood here.
Items here: )) †††.
* * * LOW HITPOINT WARNING * * *
You feel sick.
Found a flail and a shortbow.
You die...

##### ##...## ##..#..##
#..###..#############
#####.##)##.##...........
#......#.#.....#######.##
#...#.##.##.#..## ####.##
#..####...####..###......
#########.##!...@...[##..########
...........####...#)##...........
............#.##.##.#..##########
...............#.#.....####### #
#########.....##)##..........####
##......###...#######.#...
########........#....# #.#.##
.....................# #...#
.....................# #####


There were no monsters in sight!

Vanquished Creatures
  2 adders (D:2)
  6 endoplasms
  3 hobgoblins
  2 quokkas (D:2)
  2 ball pythons (D:2)
  3 bats
  A frilled lizard (D:1)
  6 goblins (D:2)
  2 kobolds
  5 rats
32 creatures vanquished.

Notes
Turn   | Place    | Note
-------+----------+-------------------------------------------
     0 | D:1      | NullDivider the Octopode Venom Mage began the quest for the
                  | Orb.
     0 | D:1      | Reached XP level 1. HP: 11/11 MP: 3/3
    38 | D:1      | Found Cupneaxt's Antique Weapon Shoppe.
   554 | D:1      | Reached XP level 2. HP: 17/17 MP: 1/5
   600 | D:1      | Learned a level 2 spell: Poisonous Vapours
  1152 | D:2      | Reached XP level 3. HP: 17/21 MP: 3/6
  1182 | D:2      | Learned a level 3 spell: Mephitic Cloud
  1195 | D:2      | Reached skill level 4 in Poison Magic
  2122 | D:2      | Reached skill level 1 in Air Magic
  2125 | D:2      | HP: 1/21 [poisoned by an adder]
  2128 | D:2      | Succumbed to an adder's poison

Illustrated notes

Levels and vault maps discovered:
D:1:      wheals_arrival_linesprint, layout_loops_ring, serial_shops, shop,
          minmay_misc_feat_tiny, minmay_misc_feat_alley
D:2:      layout_basic, palyth_stone_intersect, minivault_23,
          minmay_fractal_squares_gapless_5

Skill      XL: |  1  2  3 |
---------------+----------+-----
Stealth        | 3 |  3.5
Poison Magic   | 4 |  4.1
Air Magic      | 1 |  1.0
Dodging        | |  2.5
Spellcasting   | |  2.4
Transmutations | |  1.0

Action                     || total
---------------------------++-------
  Melee: Unarmed           ||    37
         Constrict         ||    10
         Tentacles         ||    10
         Punch             ||     1
   Cast: Sting             ||    32
         Poisonous Vapours ||    11
    Use: Potion            ||     2
 Armour: Skin              ||     1
  Dodge: Dodged            ||    25
